 Dungeon Crawl Stone Soup version 0.19.0-2-gae57169 (webtiles) character file.

29175 Patchouli the Protected (level 13, -4/124 HPs)
             Began as a Gargoyle Fighter on Nov 7, 2016.
             Was a High Priest of Okawaru.
             Killed from afar by a deep elf mage (14 damage)
             ... with a shard of ice
             ... on level 1 of the Elven Halls.
             The game lasted 00:55:34 (8961 turns).

Patchouli the Protected (Gargoyle Fighter)          Turns: 8961, Time: 00:55:34

Health: -4/124     AC: 26    Str: 25    XL:     13   Next: 43%
Magic:  19/19      EV:  2    Int:  9    God:    Okawaru [*****.]
Gold:   1352       SH: 12    Dex: 15    Spells: 0 memorised, 20 levels left

rFire  . . .     SeeInvis .     p - +9 long sword of the Exiled Demons {venom, Int-5 Dex+6}
rCold  . . .     Gourm    .     (armour currently unavailable)
rNeg   + + +     Faith    .     c - +0 shield
rPois  ∞         Spirit   .     (helmet currently unavailable)
rElec  .         Reflect  .     (cloak currently unavailable)
rCorr  +         Harm     .     (gloves currently unavailable)
MR     .....     NoTele   +     (boots currently unavailable)
Stlth  ..........               (no amulet)
                                v - ring of loudness (curse)
                                g - ring of resist corrosion

@: brilliant, tree-form (expiring)
A: negative energy resistance 1, (electricity resistance), (unbreathing),
petrification resistance, rot immunity, AC +9
a: Heroism, Finesse, Renounce Religion


You were on level 1 of the Elven Halls.
You worshipped Okawaru.
Okawaru was extremely pleased with you.
You were not hungry.
You were a tree.
You visited 5 branches of the dungeon, and saw 22 of its levels.

You collected 1387 gold pieces.
You spent 35 gold pieces at shops.

Inventory:

Hand Weapons
 b - the cursed +1 rapier of the Stoat {distort, rPois rC+ rN+ Str+3, unknown}
   (You found it on level 11 of the Dungeon)

   It warps and distorts space around it.
   Unwielding it can cause banishment or high damage.
   It affects your strength (+3).
   It protects you from cold.
   It protects you from poison.
   It protects you from negative energy.
   It has a curse placed upon it.
 p - the +9 long sword of the Exiled Demons (weapon) {venom, Int-5 Dex+6}
   (You found it on level 4 of the Dungeon)

   It poisons the flesh of those it strikes.
   It affects your intelligence (-5).
   It affects your dexterity (+6).
 M - the +7 spear of Guirul {holy, rN+}
   (You found it on level 10 of the Dungeon)

   It has been blessed by the Shining One to cause great damage to the undead
   and demons.
   It protects you from negative energy.
Missiles
 s - 11 tomahawks (quivered)
Armour
 c - a +0 shield (worn)
 e - a +0 cloak (melded)
 o - a +2 pair of boots (melded)
 u - a +1 hat of spirit shield (melded)
 w - a +2 chain mail of magic resistance
 A - a +1 hat
 Q - a +1 plate armour of fire resistance (melded)
 V - a +1 pair of gloves (melded)
Jewellery
 g - a ring of resist corrosion (left branch)
 j - an uncursed amulet of harm
 r - an uncursed ring of positive energy
 v - a cursed ring of loudness (right branch)
Wands
 q - a wand of lightning (0/15)
 x - a wand of lightning (3/15)
 D - a wand of polymorph (6/24)
 F - a wand of random effects (8/48)
 G - a wand of flame (28/48)
Scrolls
 h - 3 scrolls of enchant weapon
 i - a scroll of noise {unknown}
 l - a scroll of magic mapping {unknown}
 n - a scroll of acquirement {unknown}
 y - 2 scrolls of identify
 J - a scroll of fog
 K - a scroll of random uselessness
 O - a scroll of remove curse
 T - 2 scrolls of recharging
Potions
 a - a potion of flight
 d - 2 potions of might
 t - a potion of ambrosia
Books
 N - a book of Callings

   Spells                             Type                      Level
   a - Summon Small Mammal            Summoning                    1
   b - Call Imp                       Summoning                    2
   c - Call Canine Familiar           Summoning                    3
   d - Summon Guardian Golem          Hexes/Summoning              3
   e - Summon Lightning Spire         Summoning/Air                4
   f - Summon Ice Beast               Ice/Summoning                4
Miscellaneous
 m - a crystal ball of energy
Comestibles
 f - 2 bread rations
 k - 4 beef jerkies
 B - 3 meat rations
 C - a fruit
 H - 4 chunks of flesh
 S - 2 slices of pizza


   Skills:
 * Level 10.3 Fighting
 * Level 10.8 Long Blades
   Level 2.7 Maces & Flails
 * Level 11.1 Armour
 + Level 10.1 Shields
 * Level 4.2 Spellcasting
 + Level 7.6 Invocations
 + Level 6.2 Evocations


You had 20 spell levels left.
You didn't know any spells.

Dungeon Overview and Level Annotations

Branches:
Dungeon (13/15)            Temple (1/1) D:7            Lair (5/6) D:11
    Orc (2/2) D:9             Elf (1/3) Orc:2
  Swamp: Lair:2-4    Shoals: Lair:2-4     Snake: Lair:2-4    Spider: Lair:2-4
  Slime: Lair:5-6    Vaults: D:13-14

Altars:
Ashenzari
Cheibriados
Elyvilon
Fedhas
Makhleb
Nemelex Xobeh
Okawaru
Qazlal
Ru
Uskayaw
Xom
Yredelemnul
Zin

Shops:
D:12 !

Annotations:
D:8 Patchouli's ghost, amateur DEIE


Innate Abilities, Weirdness & Mutations

You are resistant to torment.
((Your stone body is resilient. (AC +9)))
You are immune to poison.
You resist negative energy. (rN+)
((You are resistant to electric shocks. (rElec)))
((You can survive without breathing.))
You are immune to petrification.
You are immune to rotting.


Message History

The deep elf mage is severely wounded.
This wand has 1 charge left.
The deep elf mage gestures at you while chanting.
You block the shard of ice.
Evoke which item? (* to show all) (? for menu, Esc to quit)
Zapping:
q - a wand of lightning (1/15)
Press: ? - help, Shift-Dir - straight line, f/p - deep elf mage
Aim: a deep elf mage, wielding a long sword (severely wounded)
You hear a mighty clap of thunder!
The bolt of lightning hits the deep elf mage.
The deep elf mage is lightly wounded.
The bolt of lightning hits the deep elf mage.
The deep elf mage is almost dead.
The bolt of lightning hits the ice beast.
The ice beast is severely wounded.
The bolt of lightning misses the deep elf mage.
This wand has 0 charges left.
The deep elf mage casts a spell at you. The shard of ice hits you!
You die...

#+# #..
#.. #.##
## #..#
..# #..
..
#########


#♣)eeY.ee ######### You could see 4 deep elf magi and an ice beast.

Vanquished Creatures
  Rupert (Lair:4)
  Azrael (Orc:2)
  A catoblepas (D:11)
  The ghost of Quirk the Fighter, a journeyman GrFi of Hepliaklqana (Orc:2)
  Nergalle (Lair:4)
  An unseen horror (D:11)
  2 hill giants
  3 orc knights (Orc:2)
  2 ugly things
  3 orc sorcerers (Orc:2)
  A manticore (D:11)
  A deep elf mage (Elf:1)
  An elephant (Lair:4)
  5 spiny frogs
  A komodo dragon (D:11)
  A two-headed ogre (Orc:1)
  4 trolls
  Prince Ribbit (D:9)
  2 hippogriffs
  4 shadows
  Sigmund (D:5)
  A wyvern (D:8)
  14 yaks
  2 fire elementals (Orc:2)
  A warg (Orc:2)
  Duvessa (D:6)
  6 water moccasins
  24 orc warriors
  2 hell hounds (Orc:2)
  5 porcupines
  A swamp drake (D:9)
  2 sky beasts
  6 ice beasts
  A black bear (D:9)
  9 ogres
  5 phantoms
  4 wolves (Lair:1)
  5 crocodiles
  9 centaurs
  A big kobold (D:10)
  8 bullfrogs
  Dowan (D:6)
  A wyvern skeleton (D:12)
  A scorpion (D:11)
  A water moccasin skeleton (D:10)
  20 killer bees
  15 wights
  5 howler monkeys (D:9)
  2 crimson imps
  A hound (D:5)
  3 jellies
  A quasit (D:11)
  19 orc wizards
  5 centaur skeletons
  16 orc priests
  2 bullfrog skeletons
  6 iguanas
  9 worker ants
  A hound zombie (D:10)
  A worker ant zombie (D:8)
  A gnoll (Orc:1)
  11 adders
  3 river rats (D:11)
  An adder skeleton (D:10)
  4 worms
  2 dart slugs
  5 leopard geckos
  80 orcs
  A ball python (D:5)
  12 bats
  2 giant cockroaches
  2 hobgoblins
  5 jackals
  8 kobolds
  4 quokkas
  3 frilled lizards
  2 goblins
  A jackal skeleton (D:4)
  A quokka skeleton (D:6)
  A quokka zombie (D:6)
  7 rats
  A fungus (D:11)
  2 plants
414 creatures vanquished.

Vanquished Creatures (others)
  2 orcs
  2 fungi (D:11)
  A plant (D:11)
5 creatures vanquished.

Grand Total: 419 creatures vanquished

Notes
Turn   | Place    | Note
-------+----------+-------------------------------------------
     0 | D:1      | Patchouli the Gargoyle Fighter began the quest for the Orb.
     0 | D:1      | Reached XP level 1. HP: 14/14 MP: 1/1
    64 | D:2      | Reached XP level 2. HP: 18/19 MP: 2/2
   338 | D:4      | Reached XP level 3. HP: 24/24 MP: 3/3
   462 | D:4      | Got a transparent long sword
   463 | D:4      | Identified the +9 long sword of the Exiled Demons {venom, Int-5 Dex+6} (You found it on level 4 of the Dungeon)
   508 | D:4      | Reached skill level 1 in Long Blades
   508 | D:4      | Reached XP level 4. HP: 18/29 MP: 4/4
   766 | D:4      | Reached skill level 4 in Armour
   766 | D:4      | Reached XP level 5. HP: 19/33 MP: 5/5
  1006 | D:3      | Found a blossoming altar of Fedhas.
  1006 | D:3      | Found a basalt altar of Yredelemnul.
  1058 | D:5      | Entered Level 5 of the Dungeon
  1152 | D:6      | Noticed a centaur
  1158 | D:6      | Killed a centaur
  1158 | D:6      | Reached XP level 6. HP: 39/39 MP: 6/6
  1193 | D:6      | Noticed an orc warrior
  1203 | D:6      | Killed an orc warrior
  1242 | D:6      | Found a stormy altar of Qazlal.
  1306 | D:6      | Reached XP level 7. HP: 44/44 MP: 7/7
  1347 | D:7      | Reached skill level 5 in Fighting
  1347 | D:7      | Reached skill level 5 in Armour
  1347 | D:7      | Reached skill level 5 in Shields
  1443 | D:5      | Noticed a troll
  1492 | D:5      | Noticed Sigmund
  1497 | D:5      | Killed Sigmund
  1743 | D:5      | Reached XP level 8. HP: 50/50 MP: 8/8
  1936 | D:6      | Reached skill level 5 in Long Blades
  2112 | D:6      | Noticed Duvessa
  2112 | D:6      | Noticed Dowan
  2120 | D:6      | Killed Duvessa
  2128 | D:6      | Killed Dowan
  2155 | D:7      | Reached skill level 6 in Armour
  2166 | D:7      | Found a staircase to the Ecumenical Temple.
  2177 | Temple   | Entered the Ecumenical Temple
  2219 | Temple   | Became a worshipper of Warmaster Okawaru
  2310 | D:7      | Reached XP level 9. HP: 55/55 MP: 9/9
  2365 | D:7      | Reached * piety under Okawaru
  2528 | D:8      | Reached ** piety under Okawaru
  2528 | D:8      | Reached skill level 1 in Invocations
  2528 | D:8      | Reached skill level 1 in Evocations
  2582 | D:8      | Reached skill level 7 in Armour
  2706 | D:8      | Noticed Patchouli's ghost (amateur DEIE)
  2758 | D:9      | Reached XP level 10. HP: 49/63 MP: 11/11
  2798 | D:9      | Reached *** piety under Okawaru
  2841 | D:9      | Noticed Prince Ribbit
  2854 | D:9      | Killed Prince Ribbit
  2885 | D:10     | Entered Level 10 of the Dungeon
  3457 | D:10     | Reached skill level 8 in Armour
  3510 | D:10     | Reached **** piety under Okawaru
  3514 | D:10     | Got a faintly glowing spear
  3519 | D:10     | Identified the +7 spear of Guirul {holy, rN+} (You found it on level 10 of the Dungeon)
  3533 | D:10     | Noticed a hill giant
  3540 | D:10     | Killed a hill giant
  3602 | D:10     | Reached XP level 11. HP: 40/68 MP: 14/14
  3838 | D:11     | Noticed a catoblepas
  3858 | D:11     | Killed a catoblepas
  3864 | D:11     | Reached skill level 5 in Invocations
  3994 | D:11     | Found a staircase to the Lair.
  4001 | D:11     | Reached ***** piety under Okawaru
  4007 | Lair:1   | Entered Level 1 of the Lair of Beasts
  4198 | D:11     | Got a twisted rapier
  4364 | D:11     | Killed an unseen horror
  4409 | D:12     | Reached skill level 9 in Armour
  4546 | D:12     | Found Xyrasmeh's Distillery.
  4552 | D:12     | Bought a potion of mutation for 35 gold pieces
  4745 | D:12     | Noticed a purple ugly thing
  4763 | D:12     | Killed a purple ugly thing
  5131 | D:11     | Found a blossoming altar of Fedhas.
  5148 | D:11     | Noticed a hill giant
  5150 | D:11     | Reached XP level 12. HP: 76/76 MP: 16/16
  5157 | D:11     | Reached skill level 5 in Evocations
  5567 | D:9      | Found a staircase to the Orcish Mines.
  5584 | D:9      | Reached ****** piety under Okawaru
  5584 | D:9      | Reached skill level 10 in Long Blades
  5660 | Orc:1    | Entered Level 1 of the Orcish Mines
  5700 | Orc:2    | Entered Level 2 of the Orcish Mines
  5829 | Orc:1    | Received a gift from Okawaru
  6108 | Orc:2    | Reached skill level 10 in Armour
  6136 | Orc:2    | Noticed Quirk's ghost (journeyman GrFi)
  6138 | Orc:2    | Reached skill level 1 in Spellcasting
  6187 | Orc:2    | Killed Quirk's ghost
  6619 | Orc:2    | Found a staircase to the Elven Halls.
  6742 | Orc:2    | Noticed Azrael
  7562 | Lair:5   | Noticed a catoblepas
  7635 | Lair:4   | Reached XP level 13. HP: 74/82 MP: 18/18
  7792 | Lair:4   | Noticed Nergalle
  7808 | Lair:4   | Killed Nergalle
  7808 | Lair:4   | Reached skill level 10 in Fighting
  7852 | Lair:4   | Noticed Rupert
  7861 | Lair:4   | Paralysed by Rupert for 5 turns
  7894 | Lair:4   | Paralysed by Rupert for 4 turns
  7904 | Lair:4   | Killed Rupert
  7904 | Lair:4   | Received a gift from Okawaru
  7904 | Lair:4   | Reached skill level 10 in Shields
  8811 | Orc:2    | Killed Azrael
  8811 | Orc:2    | Reached skill level 11 in Armour
  8941 | Elf:1    | Entered Level 1 of the Elven Halls
  8957 | Elf:1    | HP: 6/124 [bounced beam (8)]
  8961 | Elf:1    | Killed from afar by a deep elf mage

Skill      XL: |  1  2  3  4  5  6  7  8  9 10 11 12 13 |
---------------+----------------------------------------+-----
Fighting       | 4 5 6 7 8 9 10 | 10.3
Long Blades    | 1 2 3 4 6 7 8 9 10 | 10.8
Armour         | 4 5 6 7 8 9 10 11 | 11.1
Shields        | 4 5 6 7 8 9 10 | 10.1
Invocations    | 2 4 5 7 |  7.6
Evocations     | 1 3 4 5 6 |  6.2
Spellcasting   | 3 4 |  4.2
Maces & Flails | |  2.7

Action                   |  1- 3 |  4- 6 |  7- 9 | 10-12 | 13-15 || total
-------------------------+-------+-------+-------+-------+-------++-------
Melee: Flail             |    65 |       |       |       |       ||    65
       Long sword        |     3 |    50 |   189 |   873 |   163 ||  1278
Invok: Heroism           |       |       |     1 |     9 |     5 ||    15
       Finesse           |       |       |       |     2 |     2 ||     4
Evoke: Wand              |       |       |       |     4 |    12 ||    16
  Use: Scroll            |       |       |     5 |     7 |     2 ||    14
       Potion            |       |       |       |     5 |     8 ||    13
 Stab: Petrified         |       |       |       |     5 |       ||     5
       Confused          |       |       |       |     2 |       ||     2
  Eat: Chunk             |       |     1 |     6 |    16 |     3 ||    26
       Royal jelly       |       |       |       |       |     1 ||     1
Armor: Scale mail        |    29 |       |       |       |       ||    29
       Chain mail        |    10 |    10 |       |       |       ||    20
       Plate armour      |       |    19 |   106 |   474 |    77 ||   676
       Skin              |       |       |       |       |     1 ||     1
Dodge: Dodged            |    28 |     4 |    35 |   139 |    40 ||   246
Block: Shield            |    41 |    19 |    95 |   502 |    94 ||   751
       Rpst.: Long sword |       |     1 |    10 |    44 |     8 ||    63
